| TOP OF THE 1ST |
|
Cleveland Guardians batting - Pitching for Pittsburgh Pirates : RHP Andres Vidrio
|
|
Pitching: RHP Andres Vidrio
|
|
|
Batting: LHB Alex Diaz
|
0-0: Foul Ball, location: 5SF 0-1: Ball 1-1: SINGLE (Popup, 4D, EV 41.9 MPH)
|
|
Batting: RHB Henry Garcia
|
0-0: Grounds into double play, 6-4-3 (Groundball, 6S, EV 88.1 MPH)
|
|
Batting: LHB Micah Pitts
|
0-0: Ball 1-0: Foul Ball, location: 9LSF 1-1: Ball 2-1: Fly out, F8 (Line Drive, 8LS, EV 90.6 MPH)
|
| Top of the 1st over - 0 runs, 1 hit, 0 errors, 0 left on base; Cleveland 0 - Pittsburgh 0 |
| BOTTOM OF THE 1ST |
|
Pittsburgh Pirates batting - Pitching for Cleveland Guardians : LHP Hyun-soo Yoo
|
|
Pitching: LHP Hyun-soo Yoo
|
|
|
Batting: RHB Zach Yocom
|
0-0: Ball 1-0: Fly out, F4 (Line Drive, 4, EV 74.4 MPH)
|
|
Batting: RHB Bobby Chambers
|
0-0: Ground out 2-3 (Groundball, 13S, EV 73.8 MPH)
|
|
Batting: RHB Russ Boswell
|
0-0: Ball 1-0: Ball 2-0: Ball 3-0: Base on Balls
|
|
Batting: RHB Tony Gomez
|
0-0: Ball 1-0: Swinging Strike 1-1: Called Strike Pickoff Throw by Catcher to First - Error! E2 Russ Boswell to second 1-2: Strikes out swinging
|
| Bottom of the 1st over - 0 runs, 0 hits, 1 error, 1 left on base; Cleveland 0 - Pittsburgh 0 |
| TOP OF THE 2ND |
|
Cleveland Guardians batting - Pitching for Pittsburgh Pirates : RHP Andres Vidrio
|
|
Batting: RHB Nazir Roundtree
|
0-0: Foul Ball, location: 3FF 0-1: Foul Ball, location: 3FF 0-2: Ball 1-2: Ball 2-2: SINGLE (Line Drive, 8RS, EV 91.9 MPH)
|
|
Batting: RHB Kevin Novak
|
0-0: Ball Wild Pitch! Nazir Roundtree to second 1-0: SINGLE (Groundball, 4MD, EV 98.1 MPH) Nazir Roundtree to third
|
|
Batting: LHB Cody Herber
|
0-0: SINGLE (Groundball, 6D, EV 106.3 MPH) Nazir Roundtree scores Kevin Novak to second
|
|
Batting: SHB Ryan Young
|
0-0: Ball 1-0: Called Strike 1-1: Foul Ball, location: 5SF 1-2: Foul Ball, location: 25F 1-2: Fly out, F7 (Line Drive, 7D, EV 91.9 MPH)
|
|
Batting: RHB Matt Ridenour
|
0-0: Ball 1-0: Ball 2-0: Foul Ball, location: 9LSF 2-1: Swinging Strike 2-2: Hit by Pitch Kevin Novak to third Cody Herber to second
|
|
Batting: LHB Hyun-soo Yoo
|
0-0: Grounds into double play, 6-2-3 (Groundball, P, EV 86.3 MPH)
|
| Top of the 2nd over - 1 run, 3 hits, 0 errors, 2 left on base; Cleveland 1 - Pittsburgh 0 |
| BOTTOM OF THE 2ND |
|
Pittsburgh Pirates batting - Pitching for Cleveland Guardians : LHP Hyun-soo Yoo
|
|
Batting: RHB Jaime Flores
|
0-0: Called Strike 0-1: Ball 1-1: Ball 2-1: Foul Ball, location: 5F 2-2: Foul Ball, location: 5F 2-2: Strikes out looking
|
|
Batting: RHB John Murphy
|
0-0: SINGLE (Groundball, 15S, EV 70.0 MPH) (infield hit)
|
|
Batting: RHB Jorge Astudillo
|
0-0: Swinging Strike 0-1: Fly out, F3 (Popup, 3, EV 82.5 MPH)
|
|
Batting: SHB Danny Colon
|
0-0: Ball 1-0: Ball 2-0: Ball 3-0: Base on Balls John Murphy to second
|
|
Batting: RHB Andres Vidrio
|
0-0: Called Strike 0-1: Ball 1-1: Ball 2-1: Foul Ball, location: 25FF 2-2: Strikes out swinging
|
| Bottom of the 2nd over - 0 runs, 1 hit, 0 errors, 2 left on base; Cleveland 1 - Pittsburgh 0 |
| TOP OF THE 3RD |
|
Cleveland Guardians batting - Pitching for Pittsburgh Pirates : RHP Andres Vidrio
|
|
Batting: LHB Alex Diaz
|
0-0: Foul Ball, location: 23F 0-1: Ground out 3-1 (Groundball, 34, EV 103.8 MPH)
|
|
Batting: RHB Henry Garcia
|
0-0: Called Strike 0-1: SINGLE (Groundball, 56, EV 85.6 MPH)
|
|
Batting: LHB Micah Pitts
|
0-0: Ball 1-0: Swinging Strike 1-1: Foul Ball, location: 7LSF 1-2: Ball 2-2: Foul Ball, location: 3F 2-2: Ball 3-2: Base on Balls Henry Garcia to second
|
|
Batting: RHB Nazir Roundtree
|
0-0: Called Strike 0-1: Ball 1-1: Ball 2-1: Ball 3-1: SINGLE (Groundball, 6D, EV 102.5 MPH) Henry Garcia to third Micah Pitts to second
|
|
Batting: RHB Kevin Novak
|
0-0: Ball 1-0: Called Strike 1-1: SINGLE (Line Drive, 4MD, EV 96.3 MPH) Henry Garcia scores Micah Pitts to third Nazir Roundtree to second
|
|
Batting: LHB Cody Herber
|
0-0: Called Strike 0-1: Fly out, F5 (Line Drive, 56, EV 98.1 MPH) Lined into DP, U5 (Line Drive, 56, EV 98.1 MPH)
|
| Top of the 3rd over - 1 run, 3 hits, 0 errors, 2 left on base; Cleveland 2 - Pittsburgh 0 |
| BOTTOM OF THE 3RD |
|
Pittsburgh Pirates batting - Pitching for Cleveland Guardians : LHP Hyun-soo Yoo
|
|
Batting: RHB Zach Yocom
|
0-0: Ball 1-0: Foul Ball, location: 9LMF 1-1: Called Strike 1-2: Ball 2-2: Fly out, F7 (Line Drive, 7S, EV 86.9 MPH)
|
|
Batting: RHB Bobby Chambers
|
0-0: Called Strike 0-1: Ball 1-1: Called Strike 1-2: Fly out, F4 (Line Drive, 4MD, EV 70.0 MPH)
|
|
Batting: RHB Russ Boswell
|
0-0: Foul Ball, location: 2F 0-1: Ball 1-1: Ground out 4-3 (Groundball, 4M, EV 108.1 MPH)
|
| Bottom of the 3rd over - 0 runs, 0 hits, 0 errors, 0 left on base; Cleveland 2 - Pittsburgh 0 |
| TOP OF THE 4TH |
|
Cleveland Guardians batting - Pitching for Pittsburgh Pirates : RHP Andres Vidrio
|
|
Batting: SHB Ryan Young
|
0-0: Ball 1-0: Foul Ball, location: 7LMF 1-1: Swinging Strike 1-2: Foul Ball, location: 3FF 1-2: Strikes out swinging
|
|
Batting: RHB Matt Ridenour
|
0-0: SOLO HOME RUN (Flyball, 78XD, EV 103.8 MPH), Distance : 398 ft
|
|
Batting: LHB Hyun-soo Yoo
|
0-0: Called Strike 0-1: Foul Ball, location: 2F 0-2: Ball 1-2: Strikes out swinging
|
|
Batting: LHB Alex Diaz
|
0-0: Ball 1-0: Foul Ball, location: 7LDF 1-1: Foul Ball, location: 5F 1-2: Ground out U3 (Groundball, 34, EV 91.9 MPH)
|
| Top of the 4th over - 1 run, 1 hit, 0 errors, 0 left on base; Cleveland 3 - Pittsburgh 0 |
| BOTTOM OF THE 4TH |
|
Pittsburgh Pirates batting - Pitching for Cleveland Guardians : LHP Hyun-soo Yoo
|
|
Batting: RHB Tony Gomez
|
0-0: Swinging Strike 0-1: Swinging Strike 0-2: Ball 1-2: Ball 2-2: Ball 3-2: Base on Balls
|
|
Batting: RHB Jaime Flores
|
0-0: Ball 1-0: Ball 2-0: Foul Ball, location: 25F 2-1: Foul Ball, location: 3DF 2-2: Ball 3-2: Strikes out swinging
|
|
Batting: RHB John Murphy
|
0-0: Called Strike 0-1: Fly out, F9 (Flyball, 9LSF, EV 79.4 MPH)
|
|
Batting: RHB Jorge Astudillo
|
0-0: Called Strike 0-1: Ball 1-1: Called Strike 1-2: Ground out 6-3 (Groundball, 6, EV 80.6 MPH)
|
| Bottom of the 4th over - 0 runs, 0 hits, 0 errors, 1 left on base; Cleveland 3 - Pittsburgh 0 |
| TOP OF THE 5TH |
|
Cleveland Guardians batting - Pitching for Pittsburgh Pirates : RHP Andres Vidrio
|
|
Batting: RHB Henry Garcia
|
0-0: Foul Ball, location: 2F 0-1: Ball 1-1: Called Strike 1-2: Strikes out swinging
|
|
Batting: LHB Micah Pitts
|
0-0: Ball 1-0: Called Strike 1-1: Ball 2-1: SINGLE (Groundball, 34, EV 109.4 MPH)
|
|
Batting: RHB Nazir Roundtree
|
0-0: Called Strike 0-1: Ball 1-1: Foul Ball, location: 9LDF 1-2: Ball 2-2: Grounds into double play, 5-4-3 (Groundball, 5S, EV 92.5 MPH)
|
| Top of the 5th over - 0 runs, 1 hit, 0 errors, 0 left on base; Cleveland 3 - Pittsburgh 0 |
| BOTTOM OF THE 5TH |
|
Pittsburgh Pirates batting - Pitching for Cleveland Guardians : LHP Hyun-soo Yoo
|
|
Batting: SHB Danny Colon
|
0-0: Ball 1-0: Called Strike 1-1: Ball 2-1: Foul Ball, location: 5FF 2-2: Strikes out looking
|
|
Pinch Hitting: RHB Jody Nida
|
0-0: Foul Ball, location: 25FF 0-1: Ball 1-1: Foul Ball, location: 9LMF 1-2: Strikes out looking
|
|
Batting: RHB Zach Yocom
|
0-0: Called Strike 0-1: Foul Ball, location: 23FF 0-2: Foul Ball, location: 5F 0-2: Ball 1-2: Foul Ball, location: 2F 1-2: Strikes out swinging
|
| Bottom of the 5th over - 0 runs, 0 hits, 0 errors, 0 left on base; Cleveland 3 - Pittsburgh 0 |
| TOP OF THE 6TH |
|
Cleveland Guardians batting - Pitching for Pittsburgh Pirates : RHP Andres Vidrio
|
|
Pitching: RHP Jalen Degree
|
|
|
Batting: RHB Kevin Novak
|
0-0: Ball 1-0: Fly out, F7 (Flyball, 7S, EV 80.6 MPH)
|
|
Batting: LHB Cody Herber
|
0-0: Ball 1-0: Ball 2-0: Called Strike 2-1: Ground out 6-3 (Groundball, 6D, EV 106.9 MPH)
|
|
Batting: SHB Ryan Young
|
0-0: Called Strike 0-1: Foul Ball, location: 2F 0-2: Ball 1-2: Hit by Pitch
|
|
Batting: RHB Matt Ridenour
|
0-0: Called Strike Ryan Young steals 2nd base 0-1: Ball 1-1: Ball 2-1: Fly out, F5 (Popup, 56S, EV 89.4 MPH)
|
| Top of the 6th over - 0 runs, 0 hits, 0 errors, 1 left on base; Cleveland 3 - Pittsburgh 0 |
| BOTTOM OF THE 6TH |
|
Pittsburgh Pirates batting - Pitching for Cleveland Guardians : LHP Hyun-soo Yoo
|
|
Batting: RHB Bobby Chambers
|
0-0: Swinging Strike 0-1: Ball 1-1: Swinging Strike 1-2: Ball 2-2: Ball 3-2: Strikes out swinging
|
|
Batting: RHB Russ Boswell
|
0-0: Ball 1-0: Ball 2-0: Foul Ball, location: 2F 2-1: Ball 3-1: Swinging Strike 3-2: Base on Balls
|
|
Batting: RHB Tony Gomez
|
0-0: Called Strike 0-1: Ball 1-1: Grounds into double play, 6-4-3 (Groundball, 6, EV 108.1 MPH)
|
| Bottom of the 6th over - 0 runs, 0 hits, 0 errors, 0 left on base; Cleveland 3 - Pittsburgh 0 |
| TOP OF THE 7TH |
|
Cleveland Guardians batting - Pitching for Pittsburgh Pirates : RHP Jalen Degree
|
|
Batting: LHB Hyun-soo Yoo
|
0-0: Ball 1-0: Called Strike 1-1: Ball 2-1: Foul Ball, location: 3F 2-2: Strikes out swinging
|
|
Batting: LHB Alex Diaz
|
0-0: Ball 1-0: Ground out 3-1 (Groundball, 34, EV 97.5 MPH)
|
|
Batting: RHB Henry Garcia
|
0-0: Foul Ball, location: 5F 0-1: Ball 1-1: Ball 2-1: SINGLE (Line Drive, 8RS, EV 94.4 MPH)
|
|
Batting: LHB Micah Pitts
|
0-0: Ball 1-0: Ball 2-0: Foul Ball, location: 3F 2-1: Fly out, F8 (Flyball, 8LXD, EV 105.0 MPH)
|
| Top of the 7th over - 0 runs, 1 hit, 0 errors, 1 left on base; Cleveland 3 - Pittsburgh 0 |
| BOTTOM OF THE 7TH |
|
Pittsburgh Pirates batting - Pitching for Cleveland Guardians : LHP Hyun-soo Yoo
|
|
Batting: RHB Jaime Flores
|
0-0: Ball 1-0: Swinging Strike 1-1: Foul Ball, location: 2RF 1-2: Strikes out swinging
|
|
Batting: RHB John Murphy
|
0-0: Called Strike 0-1: Ball 1-1: Foul Ball, location: 25FF 1-2: Strikes out swinging
|
|
Batting: RHB Jorge Astudillo
|
0-0: Swinging Strike 0-1: Called Strike 0-2: Ball 1-2: Ball 2-2: Ball 3-2: Foul Ball, location: 3F 3-2: Base on Balls
|
|
Pitching: RHP Angel Morales
|
|
|
Batting: SHB Danny Colon
|
0-0: Reached on error, E6 (Groundball, 6, EV 104.4 MPH) Jorge Astudillo to second
|
|
Pinch Hitting: LHB German Leal
|
0-0: Called Strike 0-1: Ball 1-1: Foul Ball, location: 7LSF 1-2: Fly out, F8 (Flyball, 8LXD, EV 83.1 MPH)
|
| Bottom of the 7th over - 0 runs, 0 hits, 1 error, 2 left on base; Cleveland 3 - Pittsburgh 0 |
| TOP OF THE 8TH |
|
Cleveland Guardians batting - Pitching for Pittsburgh Pirates : RHP Jalen Degree
|
|
Pitching: RHP Bill Enge
|
|
|
Batting: RHB Nazir Roundtree
|
0-0: Ball 1-0: DOUBLE (Groundball, 5L, EV 102.5 MPH)
|
|
Batting: RHB Kevin Novak
|
0-0: Called Strike 0-1: SINGLE (Groundball, 4MD, EV 95.0 MPH) Nazir Roundtree to third
|
|
Batting: LHB Cody Herber
|
0-0: Called Strike 0-1: Called Strike Kevin Novak steals 2nd base 0-2: Fly out, F8 (Line Drive, 8RM, EV 98.1 MPH)
|
|
Batting: SHB Ryan Young
|
0-0: Ball 1-0: Foul Ball, location: 2F 1-1: Ball 2-1: Swinging Strike 2-2: Ball 3-2: Strikes out looking
|
|
Batting: RHB Matt Ridenour
|
0-0: Ground out 4-3 (Groundball, 34, EV 102.5 MPH)
|
| Top of the 8th over - 0 runs, 2 hits, 0 errors, 2 left on base; Cleveland 3 - Pittsburgh 0 |
| BOTTOM OF THE 8TH |
|
Pittsburgh Pirates batting - Pitching for Cleveland Guardians : RHP Angel Morales
|
|
DELAY
|
Rain delay of 56 minutes in the 8th inning.
|
|
Pitching: LHP Taylor Manning
|
|
|
Pinch Hitting: LHB Rodolfo Gonzalez
|
0-0: Ball 1-0: Ball 2-0: Called Strike 2-1: Swinging Strike 2-2: Strikes out swinging
|
|
Batting: RHB Bobby Chambers
|
0-0: Foul Ball, location: 7LSF 0-1: Foul Ball, location: 2F 0-2: Foul Ball, location: 9LDF 0-2: Foul Ball, location: 23FF 0-2: DOUBLE (Line Drive, 7LS, EV 98.8 MPH)
|
|
Batting: RHB Russ Boswell
|
0-0: Swinging Strike 0-1: Foul Ball, location: 2F 0-2: Ball 1-2: Foul Ball, location: 5FF 1-2: Foul Ball, location: 5SF 1-2: Ball 2-2: Foul Ball, location: 2F 2-2: Ground out 4-3 (Groundball, 4, EV 105.0 MPH) Bobby Chambers to third
|
|
Pitching: RHP Ivan Negrete
|
|
|
Batting: RHB Tony Gomez
|
0-0: Foul Ball, location: 2F 0-1: Foul Ball, location: 2F 0-2: Foul Ball, location: 2F 0-2: Strikes out swinging
|
| Bottom of the 8th over - 0 runs, 1 hit, 0 errors, 1 left on base; Cleveland 3 - Pittsburgh 0 |
| TOP OF THE 9TH |
|
Cleveland Guardians batting - Pitching for Pittsburgh Pirates : RHP Bill Enge
|
|
Now at 1B: Rodolfo Gonzalez
|
|
|
Now in LF: Tony Gomez
|
|
|
Pinch Hitting: LHB Jeremy Cromer
|
0-0: Ball 1-0: Ball 2-0: Ball 3-0: Called Strike 3-1: Base on Balls
|
|
Batting: LHB Alex Diaz
|
0-0: Called Strike Jeremy Cromer is caught stealing 2nd base 2-6 0-1: Ball 1-1: Ball 2-1: Foul Ball, location: 2RF 2-2: Fly out, F8 (Flyball, 78D, EV 92.5 MPH)
|
|
Batting: RHB Henry Garcia
|
0-0: Foul Ball, location: 2F 0-1: Swinging Strike 0-2: Ground out 4-3 (Groundball, 4, EV 104.4 MPH)
|
| Top of the 9th over - 0 runs, 0 hits, 0 errors, 0 left on base; Cleveland 3 - Pittsburgh 0 |
| BOTTOM OF THE 9TH |
|
Pittsburgh Pirates batting - Pitching for Cleveland Guardians : RHP Ivan Negrete
|
|
Pitching: RHP Steve Schuessler
|
|
|
Batting: RHB Jaime Flores
|
0-0: Foul Ball, location: 2F 0-1: Ball 1-1: Swinging Strike 1-2: Fly out, F8 (Line Drive, 8LS, EV 98.8 MPH)
|
|
Batting: RHB John Murphy
|
0-0: Fly out, F8 (Line Drive, 8LS, EV 91.3 MPH)
|
|
Batting: RHB Jorge Astudillo
|
0-0: Ball 1-0: Reached on error, E3 (Groundball, 34, EV 102.5 MPH)
|
|
Batting: SHB Danny Colon
|
0-0: Called Strike 0-1: Ball 1-1: Ball 2-1: Foul Ball, location: 3F 2-2: Foul Ball, location: 2F 2-2: TRIPLE (Line Drive, 78XD, EV 105.6 MPH) Jorge Astudillo scores
|
|
Pinch Hitting: RHB Alejandro Buzo
|
0-0: Swinging Strike 0-1: Ball 1-1: Foul Ball, location: 25F 1-2: Ball 2-2: Ball 3-2: Base on Balls
|
|
Batting: LHB Rodolfo Gonzalez
|
0-0: Called Strike 0-1: Fielders Choice at 2nd, 6-4 (Groundball, 6, EV 90.0 MPH)
|
| Bottom of the 9th over - 1 run, 1 hit, 1 error, 2 left on base; Cleveland 3 - Pittsburgh 1 |
|